 Dungeon Crawl Stone Soup version 0.27-a0-1557-g57f10a385c (webtiles) character file.

Game seed: 17053994758879669904

4 WhiteRaven the Caller (level 1, -1/10 HPs)
             Began as a Deep Elf Summoner on July 15, 2021.
             Slain by a quokka (2 damage)
             ... on level 1 of the Dungeon.
             The game lasted 00:07:12 (206 turns).

WhiteRaven the Caller (Deep Elf Summoner)            Turns: 206, Time: 00:07:13

Health: -1/10      AC:  2    Str:  5    XL:     1   Next: 58%
Magic:  5/6        EV: 12    Int: 19    God:
Gold:   0          SH:  0    Dex: 15    Spells: 5/6 levels left

rFire    . . .     SeeInvis .   b - +0 club
rCold    . . .     Faith    .   (no shield)
rNeg     . . .     Spirit   .   a - +0 robe
rPois    .         Reflect  .   (no helmet)
rElec    .         Harm     .   (no cloak)
rCorr    .         Rampage  .   (no gloves)
Will     .....                  (no boots)
Stlth    ++........             (no amulet)
HPRegen  0.03/turn              (no ring)
MPRegen  0.10/turn              (no ring)

@: no status effects
A: no striking features
a: no special abilities


You were on level 1 of the Dungeon.
You visited 1 branch of the dungeon, and saw 1 of its levels.

Inventory:

Hand Weapons
 b - a +0 club (weapon)
 c - a +0 dagger
 e - a +0 dagger
Missiles
 d - 4 stones
Armour
 a - a +0 robe (worn)


   Skills:
 + Level 2.4 Dodging
 + Level 2.4 Stealth
 + Level 3.1 Spellcasting
 + Level 4.6 Summonings


You had 5 spell levels left.
You knew the following spells:

 Your Spells              Type           Power      Damage    Failure   Level
a - Summon Small Mammal   Summ           80%        N/A       2%          1

Your spell library contained the following spells:

 Spells                   Type           Power      Damage    Failure   Level
 Call Imp                 Summ           20%        N/A       3%          2
 Call Canine Familiar     Summ           20%        N/A       7%          3
 Summon Guardian Golem    Hex/Summ       11%        N/A       17%         3
 Summon Lightning Spire   Summ/Air       11%        N/A       50%         4


Dungeon Overview and Level Annotations

Branches:
Dungeon (1/15)

Altars:


Message History

You escape the ball python's grasp.
You swap places.
Your rat bites the ball python.
The ball python dies!
You swap places.
You see here a ball python corpse.
There are no objects that can be picked up here. a ball python corpse
There are no objects that can be picked up here. a ball python corpse You are already wielding that!
You swap places.
Your rat disappears in a puff of smoke!
You open the large door.
A quokka comes into view.
There is a large open door here.
There is a large open door here.
Casting: Summon Small Mammal (safe; 2% risk of failure)
Confirm with . or Enter, or press ? or * to list all spells.
Found a hunting sling.
You hit the quokka.
The quokka is lightly wounded.
The quokka bites you. The quokka barely misses you.
You hit the quokka but do no damage.
The quokka is lightly wounded.
Your rat misses the quokka. The quokka bites you.
* * * LOW HITPOINT WARNING * * *
You hit the quokka.
The quokka is heavily wounded.
The quokka closely misses you.
Your rat barely misses the quokka.
The quokka bites you.
* * * LOW HITPOINT WARNING * * *
Your rat bites the quokka.
You miss the quokka.
The quokka is severely wounded.
The quokka bites you but does no damage.
Your rat bites the quokka but does no damage.
You closely miss the quokka.
The quokka is severely wounded.
The quokka bites you.
You die...

#.#####.........
#.........##...#
####......# ...#
#+# #......#
....... #......#
.....
#......#####..
#......##...###+#
#......##........
#......''@r......
#......##r.......
#......##.......)
#########...#####
#...# #...# #####


You could see a quokka (ally target) and a friendly rat (summoned).

Vanquished Creatures
  A ball python (D:1)
  A goblin (D:1)
2 creatures vanquished.

Vanquished Creatures (collateral kills)
  A kobold (D:1)
  A ball python (D:1)
  A rat (D:1)
3 creatures vanquished.

Vanquished Creatures (others)
  2 plants (D:1)
2 creatures vanquished.

Grand Total: 7 creatures vanquished

Notes
Turn   | Place    | Note
-------+----------+-------------------------------------------
     0 | D:1      | WhiteRaven the Deep Elf Summoner began the quest for the
                  | Orb.
     0 | D:1      | Reached XP level 1. HP: 10/10 MP: 6/6
   206 | D:1      | Slain by a quokka

Illustrated notes

Levels and vault maps discovered:
D:1:      eino_arrival_druids_welcome, layout_basic,
          shapermc_ecumenical_altar_starsandcircs

Action                   || total
-------------------------++-------
Melee: Club              ||    13
 Cast: Summon Small Mamm ||     4
 Stab: Sleeping          ||     1
Armor: Robe              ||     5
Dodge: Dodged            ||     8

Table legend: (Time is in decaauts)
 A = Elapsed time spent in this place.
 B = Non-inter-level travel time spent in this place.
 C = Inter-level travel time spent in this place.
 D = Time resting spent in this place.
 E = Time spent auto-exploring this place.
 F = Levels seen in this place.
 G = Mean time per level.
                   A        B        C        D        E       F      G
               +--------+--------+--------+--------+--------+-----+--------+
         Total |    209 |    186 |     23 |      0 |      0 |   1 |  209.0 |
       Dungeon |    209 |    186 |     23 |      0 |      0 |   1 |  209.0 |
               +--------+--------+--------+--------+--------+-----+--------+

Top non-repeatable levels by time:
     D:1: 209 daAuts
